 Dungeon Crawl Stone Soup version 0.17.0-28-g6e173f8 (webtiles) character file.

153 gorblad the Ducker (level 5, -2/40 HPs)
             Began as a Draconian Chaos Knight on Nov 30, 2015.
             Slain by a gnoll
             ... wielding a cursed -1 club
              (6 damage)
             ... on level 3 of the Dungeon.
             The game lasted 00:06:06 (2197 turns).

gorblad the Ducker (Draconian Chaos Knight)         Turns: 2197, Time: 00:06:06

Health: -2/40      AC:  6    Str: 14    XL:     5   Next: 12%
Magic:  5/5        EV: 14    Int: 12    God:    Xom [...*..]
Gold:   74         SH:  0    Dex: 12    Spells: 0 memorised, 4 levels left

rFire  . . .     SeeInvis .     a - +0 spear (chaos)
rCold  . . .     Clarity  .     (armour unavailable)
rNeg   . . .     SustAt   .     (no shield)
rPois  .         Gourm    .     (helmet restricted)
rElec  .         Spirit   .     (no cloak)
rCorr  .         Warding  .     j - +0 pair of gloves
rMut   .         Stasis   .     (no boots)
MR     .....                    (no amulet)
Stlth  +.........               (no ring)
                                (no ring)

@: appendage, not resistant to hostile enchantments, very unstealthy
A: unfitting armour, hooves 1, horns 2, frail 1, cold-blooded, AC +5
a: Renounce Religion


You were on level 3 of the Dungeon.
You worshipped Xom.
You were a favourite toy of Xom.
You were hungry.
You had grown temporary horns.
You visited 1 branch of the dungeon, and saw 3 of its levels.

You collected 74 gold pieces.

Inventory:

Hand Weapons
 a - a +0 spear of chaos (weapon)
Armour
 j - a +0 pair of gloves (worn)
Wands
 m - a wand of draining (9)
Scrolls
 c - a scroll of identify {unknown}
 d - 2 scrolls of magic mapping {unknown}
 g - a scroll of enchant weapon {unknown}
 i - 2 scrolls of teleportation {unknown}
Potions
 e - 2 potions of heal wounds {unknown}
 f - a potion of mutation {unknown}
 h - a potion of might {unknown}
 l - a potion of cancellation {unknown}
Comestibles
 b - 4 bread rations
 k - a beef jerky


   Skills:
 - Level 3.2 Fighting
 - Level 3.0 Polearms
 * Level 5.0 Dodging


You had 4 spell levels left.
You didn't know any spells.

Dungeon Overview and Level Annotations

Branches:
Dungeon (3/15)

Altars:
Ashenzari
Dithmenos
Nemelex Xobeh
Qazlal
Vehumet


Innate Abilities, Weirdness & Mutations

Your plain brown scales are hard (AC +5).
Your body does not fit into most forms of armour.
You are cold-blooded and may be slowed by cold attacks.
You have large cloven feet.
You have a pair of horns on your head.
You are frail (-10% HP).


Message History

You are too injured to fight recklessly!
You closely miss the gnoll. Your kick misses the gnoll. You hit the gnoll.
Your kick misses the gnoll.
The gnoll is lightly wounded.
The gnoll closely misses you.
You barely miss the gnoll.
The gnoll is severely wounded.
The gnoll hits you but does no damage. The gnoll misses you.
The gnoll hits you with a club.
* * * LOW HITPOINT WARNING * * *
You closely miss the gnoll. Your kick misses the gnoll.
Your headbutt misses the gnoll.
The gnoll is severely wounded.
The gnoll hits you.
* * * LOW HITPOINT WARNING * * *
The gnoll completely misses you.
You barely miss the gnoll. You headbutt the gnoll.
The gnoll is almost dead.
The gnoll hits you with a club.
You die...

.# ### . #.# #...# .###....
#...#..### #...# #.. ........
#...#....###...###...##∆
.....$###....##.#..............#
...)..#⌠.##+...⌠#..............#
......#.........#..............#∆
...#.###.......#.###....###...##
##.# .......[..#g..#...... ####
.# .+..b_...g@..#....#.# .#
∆#.....b.#g..#....#.# .#
#..$....#####......# #......)..#
..#. #⌠.##'#..⌠# ## ####### ∆∆ ##
#....### . #...... #...#.
#.#.##### .... . ######.#.#####
...+# . ............##


You could see 3 gnolls.

Vanquished Creatures
  An orc priest (D:3)
  Natasha (thrice) (D:2)
  2 gnolls
  An adder (D:2)
  A river rat (D:3)
  An ooze (D:2)
  2 giant geckos
  3 orcs (D:3)
  A ball python (D:1)
  4 bats
  3 giant cockroaches
  8 goblins (D:1)
  3 hobgoblins (D:1)
  3 giant newts
  3 kobolds
  5 rats (D:1)
44 creatures vanquished.

Notes
Turn   | Place    | Note
--------------------------------------------------------------
     0 | D:1      | gorblad the Draconian Chaos Knight began the quest for the Orb.
     0 | D:1      | Reached XP level 1. HP: 19/19 MP: 1/1
   148 | D:1      | Reached XP level 2. HP: 26/26 MP: 2/2
   179 | D:1      | XOM: harmless Chrm miscast
   294 | D:1      | Reached XP level 3. HP: 25/31 MP: 3/3
   604 | D:2      | Found a radiant altar of Vehumet.
   635 | D:2      | Noticed Natasha
   645 | D:2      | Killed Natasha
   645 | D:2      | Reached skill level 4 in Dodging
   815 | D:2      | XOM: divination: detect creatures
   824 | D:2      | Found a shadowy altar of Dithmenos.
   829 | D:2      | Noticed Natasha
   837 | D:2      | Killed Natasha
   837 | D:2      | Reached XP level 4. HP: 35/38 MP: 4/4
   893 | D:2      | XOM: silly message
  1041 | D:2      | Noticed Natasha
  1047 | D:2      | Killed Natasha
  1158 | D:2      | Found a sparkling altar of Nemelex Xobeh.
  1353 | D:2      | XOM: harmless Tloc miscast
  1412 | D:2      | XOM: silly message
  1432 | D:2      | Found a stormy altar of Qazlal.
  1491 | D:3      | XOM: polymorph orc -> river rat
  1495 | D:3      | XOM: chaos cloud
  1665 | D:2      | XOM: give mutations
  1665 | D:2      | Gained mutation: You are frail (-10% HP). [Xom's mischief]
  1665 | D:2      | Gained mutation: You have large cloven feet. [Xom's mischief]
  1779 | D:2      | XOM: medium Divn miscast
  1788 | D:3      | XOM: divination: detect items
  1798 | D:3      | XOM: blink monster(s)
  1804 | D:3      | Reached skill level 5 in Dodging
  1804 | D:3      | Reached XP level 5. HP: 8/40 MP: 2/5
  1848 | D:3      | XOM: harmless Hex miscast
  1894 | D:3      | XOM: 4-stop teleportation journey
  2080 | D:3      | XOM: 1-stop teleportation journey
  2177 | D:3      | Found a shattered altar of Ashenzari.
  2186 | D:3      | XOM: butterfly on damage
  2189 | D:3      | XOM: cast spell 'Beastly Appendage'
  2197 | D:3      | Slain by a gnoll

Action                   |  1- 3 |  4- 6 || total
-------------------------+-------+-------++-------
Melee: Spear             |    83 |    96 ||   179
 Stab: Sleeping          |     1 |     1 ||     2
  Eat: Chunk             |       |     2 ||     2
       Beef jerky        |       |     1 ||     1
